Map: Acid Plant LE

Players

Neeb - Winner!

  • Race: Protoss Protoss
  • Spawn Location: 5:00

Nerchio

  • Race: Zerg Zerg
  • Spawn Location: 11:00

Event: IEM Season 12 - Katowice

VOD

Have the link to the VOD?

Description

Time

  • Played on: March 2, 2018, 6:03 a.m.
  • Length: 23:27

All games in this series

Show
View Real Time Build Order
Export as new Build Order

Neeb Protoss - Winner!

Build Orders: 1 Gate Expand, Oracle Opening, Phoenix Opening, Archon Immortal 

Get SALT Encoding   

  12  0:00  Probe  
  13  0:12  Probe  
  14  0:17  Pylon  
  14  0:24  Probe (Chrono Boost)  
  15  0:33  Assimilator  
  15  0:37  Probe (Chrono Boost)  
  16  0:43  Gateway  
  16  0:46  Probe (Chrono Boost)  
  17  0:55  Probe  
  18  1:07  Probe  
  19  1:19  Probe  
  19  1:25  Nexus  
  20  1:34  Cybernetics Core  
  20  1:37  Probe  
  21  1:42  Assimilator  
  21  1:49  Probe  
  21  1:52  Pylon  
  22  2:01  Probe  
  23  2:08  Adept (Chrono Boost)  
  23  2:13  Stargate  
  23  2:14  Probe  
  26  2:23  Warp Gate  
  26  2:26  Probe  
  26  2:28  Adept (Chrono Boost)  
  29  2:38  Probe (Chrono Boost)  
  29  2:42  Probe (Chrono Boost)  
  31  2:47  Adept  
  31  2:49  Probe (Chrono Boost)  
  35  2:53  Probe (Chrono Boost)  
  35  2:54  Probe (Chrono Boost)  
  36  3:00  Oracle (Chrono Boost)  
  36  3:02  Probe  
  36  3:04  Probe  
  41  3:07  Pylon  
  41  3:16  Probe  
  41  3:19  Probe  
  43  3:28  Probe  
  43  3:30  Gateway  
  43  3:31  Probe  
  41  3:35  Phoenix (Chrono Boost), Gateway  
  41  3:38  Adept  
  41  3:40  Probe  
  46  3:43  Probe  
  46  3:47  Pylon  
  47  3:53  Probe  
  48  3:56  Probe, Assimilator  
  48  3:57  Assimilator  
  48  4:00  Oracle  
  52  4:05  Probe  
  52  4:08  Probe  
  54  4:10  Pylon  
  54  4:17  Probe  
  54  4:20  Probe, Robotics Facility  
  56  4:28  Adept x2  
  56  4:29  Probe  
  57  4:32  Probe  
  57  4:33  Adept  
  60  4:39  Pylon, Oracle (Chrono Boost)  
  60  4:41  Probe  
  64  4:49  Pylon  
  64  5:01  Nexus  
  64  5:04  Probe x2  
  66  5:13  Immortal (Chrono Boost)  
  66  5:16  Probe x2  
  66  5:21  Twilight Council  
  72  5:24  Pylon  
  72  5:28  Probe, Shield Battery  
  73  5:32  Zealot  
  73  5:35  Probe  
  75  5:38  Adept  
  75  5:40  Zealot  
  75  5:41  Probe  
  76  5:47  Probe  
  77  5:51  Immortal (Chrono Boost)  
  77  5:53  Probe  
  79  5:59  Probe  
  79  6:03  Charge (Chrono Boost)  
  80  6:05  Probe  
  80  6:08  Templar Archives  
  80  6:09  Zealot x2  
  85  6:11  Probe  
  85  6:13  Pylon  
  85  6:16  Pylon  
  85  6:17  Probe x2  
  88  6:20  Observer  
  88  6:24  Probe  
  90  6:27  Pylon, Assimilator x2  
  90  6:29  Probe  
  90  6:30  Probe  
  92  6:34  Psionic Storm  
  92  6:38  Probe, Pylon, Immortal (Chrono Boost)  
  93  6:41  Probe  
  93  6:42  Probe  
  99  6:47  High Templar x2  
  99  6:48  High Templar  
  99  6:50  Probe  
  99  6:51  Forge  
  99  6:53  Probe  
  107  6:54  Probe  
  107  7:00  Gateway  
  108  7:03  Gateway  
  108  7:14  Gateway  
  108  7:15  Gateway x2  
  108  7:17  Immortal (Chrono Boost)  
  108  7:21  Protoss Ground Weapons Level 1 (Chrono Boost)  
  112  7:23  High Templar x2  
  112  7:28  High Templar  
  118  7:30  Shield Battery  
  118  7:32  Shield Battery  
  118  7:34  Pylon  
  118  7:36  Photon Cannon  
  118  7:41  Probe x3  
  118  7:42  Photon Cannon  
  121  7:47  Photon Cannon  
  121  7:52  Immortal (Chrono Boost)  
  125  7:59  Photon Cannon  
  125  8:00  Gateway  
  125  8:03  Pylon x2  
  125  8:05  High Templar x2  
  129  8:09  Archon  
  129  8:15  Nexus  
  129  8:16  Pylon  
  129  8:19  High Templar x2  
  133  8:20  Zealot x2  
  133  8:25  Immortal (Chrono Boost)  
  137  8:31  Archon  
  142  8:34  Probe x2  
  142  8:35  Zealot x2  
  142  8:40  Photon Cannon  
  142  8:41  Pylon  
  145  8:46  Assimilator  
  145  8:52  Assimilator  
  145  8:53  High Templar  
  145  8:54  Shield Battery, High Templar  
  149  8:56  Zealot x3  
  149  8:57  Archon, Shield Battery  
  155  9:13  Stalker x4  
  159  9:19  Zealot x3  
  159  9:21  Probe x2  
  159  9:22  Probe  
  144  9:27  Probe  
  137  9:32  Zealot  
  137  9:33  Zealot  
  137  9:34  Probe  
  142  9:42  Probe  
  142  9:45  Gateway  
  139  9:48  Probe x2  
  139  9:49  Probe  
  139  9:51  Stalker x2  
  146  9:57  Stalker x2  
  146  10:02  Probe  
  146  10:03  Probe  
  146  10:06  High Templar x2  
  146  10:07  Pylon, High Templar x2  
  154  10:08  Pylon  
  154  10:10  Archon x2  
  154  10:11  Protoss Ground Weapons Level 2 (Chrono Boost)  
  156  10:19  Fleet Beacon  
  156  10:21  Pylon  
  156  10:30  High Templar x4  
  156  10:33  Photon Cannon  
  156  10:34  Archon x2  
  164  10:36  Immortal (Chrono Boost)  
  168  10:47  Zealot x5  
  158  10:59  Probe x2  
  158  11:03  Zealot x3  
  155  11:07  Immortal (Chrono Boost)  
  155  11:09  High Templar x4  
  167  11:25  Photon Cannon  
  167  11:27  Photon Cannon  
  167  11:28  Photon Cannon  
  167  11:29  High Templar x2  
  167  11:30  Nexus, Photon Cannon  
  167  11:31  Shield Battery  
  171  11:32  Shield Battery  
  171  11:33  Observer (Chrono Boost)  
  171  11:34  Archon  
  171  11:35  Pylon  
  171  11:37  Zealot x3  
  175  11:41  Archon x2  
  123  11:55  High Templar  
  123  11:56  High Templar x3  
  130  12:01  Archon x2  
  130  12:05  Zealot x5  
  140  12:12  Photon Cannon  
  140  12:13  Photon Cannon x2  
  140  12:15  Nexus  
  140  12:16  Mothership (Chrono Boost)  
  140  12:17  Immortal (Chrono Boost)  
  140  12:19  Pylon  
  140  12:20  Photon Cannon  
  140  12:21  Photon Cannon  
  152  12:22  Photon Cannon  
  152  12:25  Photon Cannon  
  152  12:30  High Templar x2  
  152  12:31  Zealot x4  
  152  12:35  Archon  
  164  12:37  Blink  
  164  12:43  Protoss Ground Weapons Level 3 (Chrono Boost)  
  164  12:48  Zealot x3  
  170  12:56  Observer (Chrono Boost), Assimilator  
  171  13:01  Assimilator  
  171  13:02  Zealot x4  
  175  13:06  Zealot x2  
  175  13:08  Immortal (Chrono Boost)  
  178  13:14  Zealot x2  
  180  13:26  Pylon  
  170  13:35  Stargate  
  170  13:37  Stargate  
  164  13:41  High Templar x3  
  164  13:42  Zealot x5, High Templar  
  164  13:45  Archon  
  164  13:46  Archon  
  162  14:03  Protoss Air Weapons Level 1 (Chrono Boost)  
  162  14:04  Graviton Catapult  
  132  14:19  Zealot x2, Archon  
  132  14:20  Zealot x7, Archon  
  142  14:30  Immortal (Chrono Boost)  
  100  14:33  Probe  
  100  14:34  Probe  
  86  14:39  Probe  
  86  14:42  High Templar x7  
  86  14:43  High Templar  
  103  14:46  Zealot, Archon x2  
  103  14:47  Archon  
  105  14:55  Archon  
  109  15:01  Immortal (Chrono Boost)  
  107  15:09  Zealot  
  100  15:14  Zealot  
  100  15:15  Zealot x7  
  105  15:23  Immortal (Chrono Boost)  
  105  15:27  Nexus  
  109  15:30  High Templar  
  109  15:35  High Templar x3  
  117  15:36  High Templar  
  117  15:37  Zealot x4  
  117  15:42  Shield Battery  
  127  15:44  Shield Battery  
  127  15:46  Pylon  
  127  15:52  Immortal (Chrono Boost)  
  123  16:07  High Templar x2  
  123  16:08  High Templar x2  
  123  16:09  Zealot x3, Sentry  
  136  16:13  Nexus  
  136  16:15  Pylon, Archon x2  
  136  16:20  Zealot  
  136  16:22  Immortal (Chrono Boost)  
  142  16:30  Pylon  
  132  16:43  Shield Battery  
  132  16:44  Shield Battery, High Templar  
  132  16:45  Zealot, High Templar  
  132  16:46  Shield Battery  
  138  16:49  Archon  
  138  16:50  Zealot x2  
  138  16:52  Immortal (Chrono Boost)  
  145  17:04  Probe x2  
  139  17:10  Zealot x5  
  139  17:11  Probe  
  139  17:15  Probe  
  134  17:18  Archon  
  134  17:19  Archon  
  134  17:20  Zealot  
  120  17:26  Immortal (Chrono Boost)  
  124  17:34  Assimilator  
  122  17:39  High Templar  
  122  17:40  High Templar x5  
  128  17:56  Probe  
  128  17:57  Probe x2  
  126  18:00  Immortal (Chrono Boost)  
  126  18:02  Probe  
  131  18:09  Sentry, High Templar x2  
  137  18:13  Archon  
  141  18:27  Zealot  
  141  18:28  Immortal (Chrono Boost)  
  141  18:30  Zealot, High Templar x2  
  141  18:34  Archon  
  149  18:43  Stalker  
  149  18:47  Pylon  
  151  18:52  High Templar x2  
  151  18:53  Zealot x4, Immortal  
  165  18:56  Archon  
  135  19:23  Archon  
  121  19:28  High Templar x3  
  121  19:29  Zealot x6  
  121  19:30  Immortal (Chrono Boost)  
  109  19:42  Nexus  
  109  19:45  Pylon  
  109  19:53  High Templar  
  109  19:54  High Templar  
  109  19:55  Zealot x4  
  109  19:57  Photon Cannon  
  109  19:59  Shield Battery  
  121  20:00  Immortal (Chrono Boost)  
  121  20:02  Zealot x3  
  122  20:16  Zealot x4  
  130  20:26  Zealot x5  
  130  20:28  Immortal (Chrono Boost)  
  122  20:45  High Templar x4  
  122  20:46  Zealot x5  
  134  20:52  Archon, Assimilator  
  134  20:53  Archon  
  134  20:54  Archon  
  134  21:10  Zealot x5  
  136  21:18  Protoss Shields Level 1 (Chrono Boost)  
  124  21:24  Archon  
  108  21:26  Immortal (Chrono Boost)  
  108  21:28  Zealot x4  
  118  21:36  High Templar  
  118  21:37  High Templar x2  
  118  21:39  Zealot x2  
  122  21:48  Immortal  
  122  21:49  Assimilator  
  122  21:51  Photon Cannon  
  122  21:54  Photon Cannon  
  122  21:57  Zealot x3, High Templar  
  134  22:05  High Templar  
  134  22:06  Zealot  
  138  22:17  Zealot x3  
  134  22:24  Zealot x2  
  134  22:28  Immortal (Chrono Boost)  
  136  22:33  High Templar  
  136  22:34  Zealot, High Templar  
  142  22:39  Archon  
  142  22:42  Zealot x4  
  148  22:50  Zealot x2  
  152  22:57  Zealot  
  143  23:23  Zealot x5  
Show
View Real Time Build Order
Export as new Build Order

Nerchio Zerg 

Build Orders: Hatch First 

Get SALT Encoding   

  12  0:00  Drone  
  13  0:12  Overlord  
  13  0:17  Drone  
  14  0:31  Drone x2  
  14  0:34  Drone  
  17  0:52  Hatchery  
  17  0:55  Drone  
  17  0:59  Drone  
  18  1:09  Extractor  
  17  1:14  Spawning Pool  
  17  1:17  Drone  
  17  1:21  Drone  
  18  1:28  Drone  
  19  1:39  Drone  
  20  1:51  Hatchery  
  20  1:52  Drone  
  20  2:03  Queen  
  20  2:05  Drone  
  23  2:09  Drone  
  23  2:15  Metabolic Boost  
  24  2:18  Drone  
  25  2:24  Overlord  
  25  2:31  Queen  
  25  2:34  Zergling x2  
  28  2:42  Zergling x4  
  28  2:43  Drone x2  
  32  2:50  Queen  
  34  2:54  Zergling x2  
  34  2:56  Drone  
  36  3:03  Drone  
  36  3:04  Drone  
  36  3:05  Drone  
  39  3:09  Overlord  
  39  3:14  Zergling x4  
  39  3:19  Drone x2  
  42  3:26  Drone x3  
  41  3:35  Spore Crawler  
  41  3:38  Drone  
  41  3:39  Drone  
  41  3:41  Drone  
  43  3:42  Drone  
  43  3:48  Spore Crawler  
  43  3:49  Drone  
  43  3:51  Drone x2  
  43  3:55  Spore Crawler  
  45  3:56  Drone  
  45  3:58  Drone  
  45  3:59  Drone  
  45  4:01  Drone  
  49  4:03  Drone  
  49  4:06  Drone  
  49  4:08  Drone  
  50  4:10  Overlord  
  50  4:17  Overlord, Baneling Nest  
  50  4:21  Drone  
  50  4:22  Overlord  
  50  4:28  Drone x4  
  50  4:30  Drone  
  53  4:31  Drone  
  53  4:34  Drone x2  
  56  4:43  Drone  
  56  4:44  Drone  
  56  4:45  Drone  
  59  4:47  Lair  
  59  4:48  Drone x3  
  59  4:50  Extractor  
  59  4:51  Overlord  
  61  4:55  Zergling x2  
  61  4:56  Zergling x4  
  61  4:58  Queen  
  66  5:01  Zergling x2  
  64  5:07  Drone  
  64  5:08  Drone  
  64  5:09  Drone x2  
  64  5:10  Drone x2  
  67  5:17  Drone x2  
  67  5:20  Overlord  
  69  5:22  Drone x3  
  69  5:27  Extractor  
  71  5:31  Overlord  
  71  5:33  Drone x2  
  72  5:38  Hatchery  
  72  5:42  Extractor  
  67  5:45  Queen x2  
  70  5:50  Drone x6  
  70  5:51  Drone x2  
  70  5:53  Drone  
  70  5:54  Drone  
  70  5:56  Drone  
  76  5:57  Drone  
  76  5:59  Drone  
  76  6:00  Drone  
  76  6:01  Drone  
  80  6:04  Drone x2  
  80  6:09  Hydralisk Den  
  81  6:15  Overlord x2  
  81  6:18  Extractor  
  80  6:23  Extractor, Centrifical Hooks  
  79  6:26  Evolution Chamber  
  79  6:27  Drone x6  
  79  6:30  Overlord  
  84  6:34  Drone x5  
  84  6:35  Drone  
  84  6:38  Hydralisk, Grooved Spines  
  92  6:41  Hydralisk  
  92  6:44  Pneumatized Carapace  
  94  6:48  Hydralisk x2  
  94  6:49  Zergling x2  
  94  6:51  Hydralisk  
  94  6:54  Hydralisk  
  101  6:56  Hydralisk  
  101  6:57  Hydralisk  
  101  7:01  Hydralisk x2  
  107  7:03  Hydralisk  
  107  7:06  Drone  
  107  7:07  Drone x3  
  116  7:09  Overlord  
  116  7:12  Drone x2  
  116  7:15  Overlord  
  118  7:16  Overlord  
  118  7:17  Overseer  
  118  7:19  Overlord  
  118  7:21  Overlord  
  118  7:22  Extractor  
  117  7:26  Zerg Missile Weapons Level 1  
  117  7:28  Evolution Chamber  
  116  7:31  Hydralisk x2  
  116  7:32  Spore Crawler  
  116  7:33  Hydralisk  
  116  7:36  Hydralisk x2  
  121  7:42  Hydralisk x3  
  131  7:46  Hydralisk x2  
  133  7:53  Hydralisk x3  
  133  7:56  Overlord  
  139  7:58  Zergling x2  
  139  7:59  Zergling x6  
  139  8:04  Zerg Melee Weapons Level 1  
  143  8:06  Overlord  
  143  8:08  Zergling x2  
  143  8:09  Zergling x10  
  143  8:12  Muscular Augments  
  149  8:15  Zergling x10  
  154  8:22  Baneling  
  154  8:23  Baneling x5  
  152  8:28  Zergling x12  
  158  8:35  Hydralisk x5  
  158  8:40  Zergling x10  
  158  8:41  Baneling x3  
  173  8:42  Baneling x2  
  173  8:43  Baneling  
  173  8:55  Baneling  
  173  8:56  Baneling x6, Zergling x6  
  173  9:01  Baneling x8  
  174  9:10  Zergling x6  
  174  9:14  Zergling x10  
  171  9:23  Hydralisk x3  
  171  9:24  Hydralisk x5  
  161  9:25  Zergling x2  
  161  9:28  Zergling x6  
  161  9:30  Zergling x4  
  172  9:33  Hydralisk x3  
  172  9:35  Hydralisk x2  
  155  9:39  Hydralisk  
  155  9:40  Hydralisk  
  151  9:47  Hydralisk x2  
  151  9:48  Hydralisk  
  151  9:50  Hydralisk  
  151  9:51  Hydralisk  
  151  9:52  Zergling x4  
  161  9:57  Hydralisk  
  161  9:58  Zergling x4  
  161  10:02  Zergling x2  
  161  10:03  Baneling x4  
  161  10:04  Baneling x3  
  161  10:05  Baneling  
  161  10:06  Baneling  
  160  10:09  Zergling x10  
  160  10:11  Zergling x2  
  166  10:15  Zergling x2  
  166  10:19  Zergling x2  
  168  10:21  Hatchery  
  168  10:22  Zergling x2  
  168  10:23  Baneling x3  
  168  10:24  Baneling x4  
  168  10:26  Overlord x3  
  168  10:40  Overlord x2  
  166  10:43  Queen  
  166  10:44  Baneling x5  
  166  10:46  Zergling x14  
  172  10:50  Hydralisk x3  
  155  10:59  Hydralisk x4  
  155  11:02  Hydralisk  
  147  11:04  Hydralisk  
  147  11:06  Zergling x2  
  147  11:08  Zerg Missile Weapons Level 2, Zerg Melee Weapons Level 2  
  150  11:11  Zergling x4  
  152  11:19  Zergling x10  
  152  11:20  Zergling x2  
  152  11:23  Baneling x3  
  152  11:24  Zergling x2  
  152  11:25  Zergling x2  
  160  11:27  Baneling x7  
  160  11:28  Baneling  
  160  11:29  Baneling x7, Zergling x2  
  160  11:31  Zergling x2  
  160  11:32  Zergling x2  
  163  11:37  Zergling x4  
  165  11:44  Hydralisk  
  165  11:45  Hydralisk x3  
  165  11:46  Hydralisk x2  
  165  11:47  Hydralisk  
  161  11:49  Hydralisk  
  161  11:51  Hydralisk  
  153  11:55  Hydralisk x2  
  153  11:59  Hydralisk  
  156  12:02  Drone x2  
  156  12:07  Hydralisk x3  
  163  12:09  Zergling x2  
  163  12:15  Zergling x10  
  161  12:17  Baneling  
  161  12:18  Baneling x4  
  161  12:19  Baneling  
  164  12:26  Zergling x10  
  169  12:30  Baneling x6  
  169  12:31  Baneling x2  
  169  12:36  Zergling x8  
  173  12:37  Zergling x2  
  174  12:48  Baneling x11  
  171  13:01  Zergling x30  
  171  13:03  Baneling  
  175  13:12  Zergling x2  
  175  13:13  Zergling x14  
  175  13:19  Infestation Pit  
  173  13:20  Zergling x2  
  173  13:21  Zergling x4  
  173  13:26  Zergling x12  
  174  13:31  Zergling x2  
  174  13:32  Baneling x3  
  174  13:34  Baneling x2  
  174  13:35  Baneling x19  
  174  13:36  Zergling x6  
  174  13:40  Zergling x6  
  174  13:41  Zergling x2  
  173  13:44  Zergling x4  
  173  13:46  Baneling x6  
  173  13:48  Baneling x12  
  174  13:51  Baneling  
  174  13:52  Baneling x3  
  173  13:57  Zergling x16  
  173  13:58  Zergling x2  
  173  14:01  Zergling x4  
  183  14:04  Zergling x2  
  177  14:15  Zergling x14  
  158  14:19  Hydralisk x2  
  158  14:22  Hydralisk  
  141  14:25  Hydralisk  
  141  14:28  Hydralisk  
  141  14:29  Hydralisk  
  141  14:30  Hydralisk  
  137  14:32  Zergling x2  
  137  14:34  Zergling x2  
  137  14:35  Overseer x2  
  138  14:40  Hydralisk  
  138  14:41  Hydralisk x4  
  138  14:42  Zergling x2  
  149  14:47  Hydralisk  
  149  14:51  Hydralisk x2  
  153  14:53  Hive  
  153  14:54  Hydralisk  
  153  14:56  Hydralisk  
  153  14:57  Hydralisk  
  154  15:00  Zergling x4  
  154  15:02  Hydralisk  
  154  15:04  Hydralisk  
  159  15:07  Hydralisk x2  
  159  15:11  Hydralisk x2  
  159  15:12  Hydralisk  
  154  15:14  Zergling x4  
  154  15:16  Hydralisk  
  154  15:19  Hydralisk  
  154  15:20  Hydralisk  
  147  15:21  Hydralisk  
  147  15:26  Zergling x2  
  147  15:27  Zergling x2  
  141  15:31  Baneling x4, Hydralisk x2  
  141  15:32  Zergling x2  
  141  15:34  Queen, Zergling x2  
  141  15:35  Zergling x2  
  150  15:36  Zergling x2  
  150  15:38  Hydralisk  
  150  15:40  Baneling x2, Extractor  
  152  15:43  Baneling  
  152  15:44  Baneling  
  152  15:45  Zergling x8  
  152  15:48  Zergling x2  
  152  15:49  Zergling x2  
  158  15:53  Hydralisk x3  
  158  15:56  Baneling  
  162  15:57  Baneling x6  
  160  16:09  Drone x2  
  159  16:14  Zergling x16  
  166  16:22  Overlord x2  
  166  16:26  Adrenal Glands  
  166  16:32  Hatchery, Zergling x2  
  166  16:36  Zergling x10  
  166  16:37  Zergling x6  
  166  16:39  Overseer  
  170  16:42  Baneling x3  
  170  16:43  Baneling x6  
  170  16:45  Zergling x2  
  171  16:50  Zergling x8  
  171  16:52  Overseer  
  175  16:58  Baneling  
  175  16:59  Baneling x7  
  156  17:09  Zergling x2  
  156  17:10  Zergling x14  
  156  17:14  Hydralisk x2  
  137  17:17  Hydralisk x4  
  137  17:19  Zergling x2  
  137  17:20  Zergling x2  
  137  17:21  Zergling x2  
  137  17:22  Hydralisk x2  
  121  17:23  Hydralisk  
  121  17:25  Hydralisk  
  121  17:27  Hydralisk  
  121  17:29  Hydralisk  
  125  17:32  Hydralisk  
  125  17:34  Hydralisk  
  128  17:39  Hydralisk x2  
  128  17:41  Hydralisk  
  128  17:43  Hydralisk  
  135  17:47  Baneling x6  
  135  17:48  Baneling x2  
  135  17:49  Baneling  
  135  17:50  Hydralisk  
  137  17:53  Baneling x3  
  137  18:02  Hydralisk x4  
  145  18:16  Baneling  
  145  18:17  Baneling x11  
  145  18:18  Baneling  
  145  18:22  Zergling x2  
  145  18:23  Zergling x4  
  145  18:24  Hatchery  
  147  18:27  Zergling x8  
  151  18:35  Zergling x12  
  151  18:37  Zergling x4  
  151  18:39  Zergling x2  
  160  18:42  Zergling x2  
  160  18:43  Zergling x6  
  160  18:47  Pathogen Glands  
  164  18:55  Baneling x7  
  163  18:56  Baneling x8  
  163  18:57  Baneling x2  
  163  18:58  Baneling x2  
  163  18:59  Baneling  
  161  19:14  Hydralisk x6  
  149  19:20  Zergling x10  
  136  19:26  Zergling x2  
  136  19:27  Zergling x8  
  136  19:29  Zergling x2  
  136  19:30  Zergling x2  
  120  19:32  Zergling x4  
  120  19:35  Hydralisk  
  120  19:37  Zergling x2  
  116  19:38  Zergling x2  
  116  19:40  Hydralisk  
  116  19:45  Hydralisk x2  
  118  19:48  Hydralisk  
  118  19:51  Hydralisk  
  126  19:55  Hydralisk  
  128  20:08  Baneling x2  
  128  20:09  Hydralisk  
  128  20:13  Zergling x2  
  128  20:14  Zergling x6  
  130  20:18  Zergling x4  
  130  20:19  Zergling x4  
  130  20:20  Zergling x4  
  135  20:22  Zergling x2  
  135  20:23  Zergling x2, Hatchery  
  135  20:24  Zergling x2  
  135  20:25  Zergling x2  
  135  20:26  Zergling x2  
  127  20:29  Zergling x2  
  127  20:30  Zergling x6  
  127  20:32  Zergling x4  
  127  20:33  Zergling x2  
  130  20:36  Zergling x2  
  130  20:37  Zergling x4  
  130  20:41  Baneling x6  
  130  20:42  Baneling x3  
  122  20:43  Zergling x4  
  122  20:45  Zergling x2  
  124  20:50  Baneling x4  
  124  20:51  Baneling x6  
  124  20:52  Zergling x12  
  124  20:53  Zergling x2  
  124  20:55  Baneling  
  124  20:56  Baneling x5  
  131  20:57  Baneling  
  131  21:00  Baneling x7  
  123  21:12  Zergling x22  
  123  21:16  Zergling x6  
  123  21:17  Zergling x2  
  108  21:26  Hydralisk x4  
  108  21:28  Hydralisk  
  108  21:31  Hydralisk  
  112  21:33  Baneling x2  
  112  21:34  Baneling x2  
  112  21:36  Hydralisk  
  112  21:39  Hydralisk  
  111  21:41  Hydralisk  
  111  21:45  Baneling x3, Zergling x2  
  111  21:46  Zergling x2  
  115  21:47  Zergling x2  
  115  21:54  Zergling x10  
  119  21:55  Zergling x2  
  122  22:07  Baneling  
  122  22:09  Extractor, Hatchery  
  120  22:16  Zergling x4  
  112  22:23  Zergling x2  
  112  22:24  Hatchery, Zergling x10  
  112  22:26  Hydralisk  
  112  22:29  Baneling  
  111  22:30  Baneling  
  111  22:31  Zergling x4  
  111  22:32  Zergling x2  
  111  22:34  Zergling x2  
  111  22:36  Zergling x2  
  111  22:37  Zergling x2  
  114  22:41  Zergling x4  
  114  22:42  Zergling x2  
  114  22:43  Zergling x2  
  118  22:49  Zergling x2  
  118  22:50  Zergling x8  
  123  22:56  Zergling x8  
  123  22:58  Zergling x2  
  117  23:03  Zergling x6  
  118  23:09  Baneling x4  

Tags
 
Add a new tag
Caveats
  • Supply blocks, unpowered buildings, or Contaminate may cause inaccurate times.
  • Supply counts are checked every 10 seconds.